TOP OF THE 1ST |
Wisconsin Rapids Rangers batting - Pitching for Minnesota Death Stars : RHP Gilbert Bright
|
Pitching: RHP Gilbert Bright
|
|
Batting: RHB Aurelio Cruz
|
0-0: Ball 1-0: Ball 2-0: Called Strike 2-1: Foul Ball, location: 2F 2-2: Ball 3-2: Foul Ball, location: 2F 3-2: Base on Balls
|
Batting: RHB Andrés Bustamante
|
0-0: Ball Aurelio Cruz steals 2nd base 1-0: Ball 2-0: Ball 3-0: Called Strike 3-1: Base on Balls
|
Batting: RHB Luis Garza
|
0-0: Ball Aurelio Cruz steals 3rd base Andrés Bustamante to second 1-0: Ball 2-0: Swinging Strike 2-1: Foul Ball, location: 2F 2-2: Foul Ball, location: 2F 2-2: Foul Ball, location: 2F 2-2: Ball 3-2: Base on Balls
|
Batting: LHB Luis Rodríguez
|
0-0: Ball 1-0: Ball 2-0: Called Strike 2-1: SINGLE (Groundball, 56D) Aurelio Cruz scores Andrés Bustamante to third Luis Garza to second
|
Batting: SHB Forest Cruz
|
0-0: Ball 1-0: Hit by Pitch Andrés Bustamante scores Luis Garza to third Luis Rodríguez to second
|
Batting: RHB Jesús Silva
|
0-0: Swinging Strike 0-1: Ball Wild Pitch! Luis Garza scores Luis Rodríguez to third Forest Cruz to second 1-1: Ball 2-1: SINGLE (Groundball, 56D) Luis Rodríguez scores Forest Cruz to third Runner from 3rd tries for Home, SAFE, throw made home Jesús Silva to second
|
Batting: RHB Pedro Ramírez
|
0-0: Ball 1-0: Foul Ball, location: 2F 1-1: Foul Ball, location: 2F 1-2: SINGLE (Flyball, 7LS) Jesús Silva to third
|
Batting: RHB Salvador Vázquez
|
0-0: Fly out, F9 (Line Drive, 89M) Runner from 3rd tags up, SCORES, throw made
|
Now in RF: Manuel Jiménez
|
|
Batting: RHB Jesús Santos
|
0-0: Called Strike 0-1: Foul Ball, location: 2F 0-2: Ball 1-2: Ball 2-2: Fielders Choice at 2nd, 6-4 (Groundball, 6)
|
Batting: RHB Aurelio Cruz
|
0-0: Called Strike 0-1: Foul Ball, location: 2F 0-2: Ball 1-2: Strikes out swinging
|
Top of the 1st over - 6 run(s), 3 hit(s), 0 error(s), 1 left on base; Wisconsin Rapids 6 - Minnesota 0 |
BOTTOM OF THE 1ST |
Minnesota Death Stars batting - Pitching for Wisconsin Rapids Rangers : RHP Carl Willis
|
Pitching: RHP Carl Willis
|
|
Batting: SHB Manuel Jiménez
|
0-0: Ball 1-0: Ball 2-0: Bunt for hit - play at first, batter OUT! 1-3
|
Batting: RHB Abraham Hardy
|
0-0: Called Strike 0-1: Called Strike 0-2: Ball 1-2: Foul Ball, location: 2F 1-2: Ball 2-2: Ball 3-2: Foul Ball, location: 2F 3-2: SINGLE (Flyball, 9LS)
|
Batting: RHB Gabriel Ángel
|
0-0: Foul Ball, location: 2F 0-1: Called Strike 0-2: Ball 1-2: Hit by Pitch Abraham Hardy to second
|
Batting: LHB Zack Payton
|
0-0: Ball 1-0: Ball 2-0: Ball 3-0: Called Strike 3-1: Foul Ball, location: 2F 3-2: Base on Balls Abraham Hardy to third Gabriel Ángel to second
|
Batting: SHB Javier Jiménez
|
0-0: Ball 1-0: Ball 2-0: Ball 3-0: Called Strike 3-1: Called Strike 3-2: Reached on error, E4 (Groundball, 34) Abraham Hardy scores Gabriel Ángel to third Zack Payton to second
|
Batting: RHB Mario Solís
|
0-0: Called Strike 0-1: Ball 1-1: Ball 2-1: Swinging Strike 2-2: Foul Ball, location: 2F 2-2: Foul Ball, location: 2F 2-2: Fly out, F6 (Line Drive, 6)
|
Batting: RHB Kel Weeks
|
0-0: Called Strike 0-1: Ball 1-1: Called Strike 1-2: Ball 2-2: Foul Ball, location: 2F 2-2: Ball Wild Pitch! Gabriel Ángel scores Zack Payton to third Javier Jiménez to second 3-2: Foul Ball, location: 2F 3-2: Ground out 6-3 (Groundball, 56)
|
Bottom of the 1st over - 2 run(s), 1 hit(s), 1 error(s), 2 left on base; Wisconsin Rapids 6 - Minnesota 2 |
TOP OF THE 2ND |
Wisconsin Rapids Rangers batting - Pitching for Minnesota Death Stars : RHP Gilbert Bright
|
Batting: RHB Andrés Bustamante
|
0-0: Called Strike 0-1: Ball 1-1: Ball 2-1: Foul Ball, location: 2F 2-2: Ball 3-2: Foul Ball, location: 2F 3-2: Strikes out swinging
|
Batting: RHB Luis Garza
|
0-0: Ball 1-0: Swinging Strike 1-1: SINGLE (Groundball, 4D)
|
Batting: LHB Luis Rodríguez
|
0-0: Ball Luis Garza steals 2nd base 1-0: SINGLE (Groundball, 34) Luis Garza to third Runner from 3rd tries for Home, SAFE, no throw or cutoff
|
Batting: SHB Forest Cruz
|
0-0: Ball 1-0: Ball
|
|
|
|
2-0: Ball 3-0: Base on Balls Luis Rodríguez to second
|
Batting: RHB Jesús Silva
|
0-0: Fly out, F8 (Flyball, 8LM)
|
Batting: RHB Pedro Ramírez
|
0-0: Called Strike 0-1: Foul Ball, location: 2F 0-2: Foul Ball, location: 2F 0-2: Ball 1-2: Ball 2-2: Strikes out swinging
|
Top of the 2nd over - 1 run(s), 2 hit(s), 0 error(s), 2 left on base; Wisconsin Rapids 7 - Minnesota 2 |
BOTTOM OF THE 2ND |
Minnesota Death Stars batting - Pitching for Wisconsin Rapids Rangers : RHP Carl Willis
|
Batting: RHB Vaughan Tillman
|
0-0: Called Strike 0-1: Called Strike 0-2: SINGLE (Groundball, 56D)
|
Batting: RHB Armando Gusmán
|
0-0: Ball 1-0: Ball 2-0: Ball 3-0: Called Strike 3-1: Called Strike 3-2: Ground out 5-3 (Groundball, 56S) Vaughan Tillman to second
|
Batting: SHB Manuel Jiménez
|
0-0: Ball 1-0: Called Strike 1-1: Ball 2-1: Foul Ball, location: 2F 2-2: Ball 3-2: Foul Ball, location: 2F 3-2: Base on Balls
|
Batting: RHB Abraham Hardy
|
0-0: Ball 1-0: Ball 2-0: Called Strike 2-1: Ball 3-1: Base on Balls Vaughan Tillman to third Manuel Jiménez to second
|
Batting: RHB Gabriel Ángel
|
0-0: Called Strike 0-1: Ball 1-1: Called Strike 1-2: Strikes out looking
|
Batting: LHB Zack Payton
|
0-0: Ball 1-0: Foul Ball, location: 2F 1-1: Ball 2-1: Foul Ball, location: 2F 2-2: Ball 3-2: Base on Balls Vaughan Tillman scores Manuel Jiménez to third Abraham Hardy to second
|
Batting: SHB Javier Jiménez
|
0-0: Ball 1-0: Swinging Strike 1-1: Swinging Strike 1-2: Strikes out swinging
|
Bottom of the 2nd over - 1 run(s), 1 hit(s), 0 error(s), 3 left on base; Wisconsin Rapids 7 - Minnesota 3 |
TOP OF THE 3RD |
Wisconsin Rapids Rangers batting - Pitching for Minnesota Death Stars : RHP Gilbert Bright
|
Batting: RHB Salvador Vázquez
|
0-0: Foul Ball, location: 2F
|
|
|
|
0-1: Fly out, F9 (Flyball, 9LS)
|
Batting: RHB Jesús Santos
|
0-0: Called Strike 0-1: Ball 1-1: Swinging Strike 1-2: Ball 2-2: Ground out 4-3 (Groundball, 4M)
|
Batting: RHB Aurelio Cruz
|
0-0: Foul Ball, location: 2F 0-1: Ground out 5-3 (Groundball, 5S)
|
Top of the 3rd over - 0 run(s), 0 hit(s), 0 error(s), 0 left on base; Wisconsin Rapids 7 - Minnesota 3 |
BOTTOM OF THE 3RD |
Minnesota Death Stars batting - Pitching for Wisconsin Rapids Rangers : RHP Carl Willis
|
Batting: RHB Mario Solís
|
0-0: Fly out, F8 (Flyball, 8LM)
|
Batting: RHB Kel Weeks
|
0-0: Ball 1-0: Fly out, F3 (Popup, 3DF)
|
Batting: RHB Vaughan Tillman
|
0-0: Ball 1-0: Ball 2-0: Ball 3-0: Called Strike 3-1: Base on Balls
|
Pitching: RHP Chuck Plummer
|
|
Batting: RHB Armando Gusmán
|
0-0: Ball 1-0: Ball 2-0: Ball 3-0: Called Strike 3-1: Foul Ball, location: 2F 3-2: Foul Ball, location: 2F 3-2: Strikes out swinging
|
Bottom of the 3rd over - 0 run(s), 0 hit(s), 0 error(s), 1 left on base; Wisconsin Rapids 7 - Minnesota 3 |
TOP OF THE 4TH |
Wisconsin Rapids Rangers batting - Pitching for Minnesota Death Stars : RHP Gilbert Bright
|
Pitching: RHP Jerry Catron
|
|
Batting: RHB Andrés Bustamante
|
0-0: Ball 1-0: Ball 2-0: Ground out 4-3 (Groundball, 4M)
|
Batting: RHB Luis Garza
|
0-0: Ball 1-0: SINGLE (Line Drive, 9S)
|
Batting: LHB Luis Rodríguez
|
0-0: Fly out, F5 (Popup, 56S)
|
Batting: SHB Forest Cruz
|
0-0: Ball Luis Garza steals 2nd base 1-0: Ball 2-0: Foul Ball, location: 2F 2-1: Swinging Strike 2-2: Ball 3-2: Strikes out swinging
|
Top of the 4th over - 0 run(s), 1 hit(s), 0 error(s), 1 left on base; Wisconsin Rapids 7 - Minnesota 3 |
BOTTOM OF THE 4TH |
Minnesota Death Stars batting - Pitching for Wisconsin Rapids Rangers : RHP Chuck Plummer
|
Batting: SHB Manuel Jiménez
|
0-0: Fly out, F7 (Flyball, 7LM)
|
Batting: RHB Abraham Hardy
|
0-0: Ball 1-0: Foul Ball, location: 2F 1-1: Ball 2-1: Ball 3-1: Foul Ball, location: 2F 3-2: Base on Balls
|
Batting: RHB Gabriel Ángel
|
0-0: Reached on error, E4 (Groundball, 4) Abraham Hardy to second
|
Batting: LHB Zack Payton
|
0-0: Called Strike 0-1: Called Strike 0-2: Ball 1-2: Fly out, F5 (Popup, 5F)
|
Batting: SHB Javier Jiménez
|
0-0: Swinging Strike 0-1: Ball 1-1: Ball 2-1: Ball 3-1: Base on Balls Abraham Hardy to third Gabriel Ángel to second
|
Batting: RHB Mario Solís
|
0-0: Called Strike 0-1: Ball 1-1: Foul Ball, location: 2F 1-2: Ball 2-2: SINGLE (Line Drive, 89M) Abraham Hardy scores Gabriel Ángel to third Javier Jiménez to second Runner from 3rd tries for Home, SAFE, no throw or cutoff
|
Batting: RHB Kel Weeks
|
0-0: Called Strike 0-1: Ball 1-1: Foul Ball, location: 2F 1-2: SINGLE (Flyball, 78S) Javier Jiménez to third Mario Solís to second
|
Pitching: RHP Juan Contreras
|
|
Batting: RHB Vaughan Tillman
|
0-0: Foul Ball, location: 2F 0-1: Ball 1-1: Ground out 4-3 (Groundball, 4)
|
Bottom of the 4th over - 2 run(s), 2 hit(s), 1 error(s), 3 left on base; Wisconsin Rapids 7 - Minnesota 5 |
TOP OF THE 5TH |
Wisconsin Rapids Rangers batting - Pitching for Minnesota Death Stars : RHP Jerry Catron
|
Batting: RHB Jesús Silva
|
0-0: Ball 1-0: Fly out, F8 (Flyball, 8RM)
|
Batting: RHB Pedro Ramírez
|
0-0: Called Strike 0-1: Swinging Strike 0-2: Ball 1-2: Strikes out swinging
|
Batting: RHB Salvador Vázquez
|
0-0: Foul Ball, location: 2F 0-1: DOUBLE (Line Drive, 3D)
|
Batting: RHB Jesús Santos
|
0-0: Called Strike 0-1: Foul Ball, location: 2F 0-2: Ball 1-2: Ball 2-2: Ball 3-2: Base on Balls
|
Batting: RHB Aurelio Cruz
|
0-0: Called Strike 0-1: Ball Jesús Santos steals 2nd base Salvador Vázquez to third 1-1: Ball 2-1: Called Strike 2-2: Strikes out swinging
|
Top of the 5th over - 0 run(s), 1 hit(s), 0 error(s), 2 left on base; Wisconsin Rapids 7 - Minnesota 5 |
BOTTOM OF THE 5TH |
Minnesota Death Stars batting - Pitching for Wisconsin Rapids Rangers : RHP Juan Contreras
|
Batting: RHB Armando Gusmán
|
0-0: Called Strike 0-1: Ball 1-1: Foul Ball, location: 2F 1-2: Ball 2-2: Ball 3-2: Strikes out swinging
|
Batting: SHB Manuel Jiménez
|
0-0: Ball 1-0: Ball 2-0: Called Strike 2-1: Foul Ball, location: 2F 2-2: Strikes out swinging
|
Batting: RHB Abraham Hardy
|
0-0: Swinging Strike 0-1: Swinging Strike 0-2: Ball 1-2: Strikes out looking
|
Bottom of the 5th over - 0 run(s), 0 hit(s), 0 error(s), 0 left on base; Wisconsin Rapids 7 - Minnesota 5 |
TOP OF THE 6TH |
Wisconsin Rapids Rangers batting - Pitching for Minnesota Death Stars : RHP Jerry Catron
|
Batting: RHB Andrés Bustamante
|
0-0: Called Strike 0-1: Foul Ball, location: 2F 0-2: Strikes out swinging
|
Batting: RHB Luis Garza
|
0-0: Ball 1-0: Called Strike 1-1: Ball 2-1: SINGLE (Flyball, 8RS)
|
Batting: LHB Luis Rodríguez
|
0-0: Foul Ball, location: 2F 0-1: Ball 1-1: DOUBLE (Line Drive, 8RS) Luis Garza to third
|
Batting: SHB Forest Cruz
|
0-0: Ball 1-0: Fly out, F8 (Flyball, 8RM) Runner from 3rd tags up, SCORES, no throw
|
Batting: RHB Jesús Silva
|
0-0: Ground out 6-3 (Groundball, 6)
|
Top of the 6th over - 1 run(s), 2 hit(s), 0 error(s), 1 left on base; Wisconsin Rapids 8 - Minnesota 5 |
BOTTOM OF THE 6TH |
Minnesota Death Stars batting - Pitching for Wisconsin Rapids Rangers : RHP Juan Contreras
|
Batting: RHB Gabriel Ángel
|
0-0: Ball 1-0: Called Strike 1-1: Ball 2-1: Called Strike 2-2: Strikes out looking
|
Batting: LHB Zack Payton
|
0-0: Swinging Strike 0-1: Swinging Strike 0-2: Ball 1-2: Ball 2-2: Fly out, F3 (Line Drive, 3L)
|
Batting: SHB Javier Jiménez
|
0-0: Called Strike 0-1: Foul Ball, location: 2F 0-2: Hit by Pitch
|
Batting: RHB Mario Solís
|
0-0: 2-RUN HOME RUN (Line Drive, 7D), Distance : 372 ft
|
Batting: RHB Kel Weeks
|
0-0: Ball 1-0: Foul Ball, location: 2F 1-1: Ball 2-1: Ball 3-1: Foul Ball, location: 2F 3-2: Foul Ball, location: 2F 3-2: Base on Balls
|
Batting: RHB Vaughan Tillman
|
0-0: Foul Ball, location: 2F Pickoff Throw to First - Error! E1 Kel Weeks to second 0-1: Foul Ball, location: 2F 0-2: Strikes out swinging
|
Bottom of the 6th over - 2 run(s), 1 hit(s), 1 error(s), 1 left on base; Wisconsin Rapids 8 - Minnesota 7 |
TOP OF THE 7TH |
Wisconsin Rapids Rangers batting - Pitching for Minnesota Death Stars : RHP Jerry Catron
|
Pitching: RHP Jorge Madrigal
|
|
Batting: RHB Pedro Ramírez
|
0-0: Ball 1-0: Foul Ball, location: 2F 1-1: Swinging Strike 1-2: Strikes out swinging
|
Batting: RHB Salvador Vázquez
|
0-0: DOUBLE (Line Drive, 7LD)
|
Pinch Hitting: LHB Ramón Córdova
|
0-0: Intentional Walk
|
Pinch Hitting: RHB Juan García
|
0-0: Called Strike 0-1: Ball 1-1: Swinging Strike 1-2: Fly out, F9 (Flyball, 8RM)
|
Batting: RHB Andrés Bustamante
|
0-0: Called Strike Ramón Córdova steals 2nd base Salvador Vázquez to third 0-1: Fly out, F4 (Popup, 4)
|
Top of the 7th over - 0 run(s), 1 hit(s), 0 error(s), 2 left on base; Wisconsin Rapids 8 - Minnesota 7 |
BOTTOM OF THE 7TH |
Minnesota Death Stars batting - Pitching for Wisconsin Rapids Rangers : RHP Juan Contreras
|
Pitching: LHP Luis Cota
|
|
Now in LF: Ramón Córdova
|
|
Now in RF: Ambrose Brown
|
|
Batting: RHB Armando Gusmán
|
0-0: Ball 1-0: Called Strike 1-1: Called Strike 1-2: Foul Ball, location: 2F 1-2: Strikes out swinging
|
Batting: SHB Manuel Jiménez
|
0-0: Ball 1-0: Called Strike 1-1: Swinging Strike 1-2: Ball 2-2: Strikes out swinging
|
Batting: RHB Abraham Hardy
|
0-0: Called Strike 0-1: Ball 1-1: Foul Ball, location: 2F 1-2: Strikes out swinging
|
Bottom of the 7th over - 0 run(s), 0 hit(s), 0 error(s), 0 left on base; Wisconsin Rapids 8 - Minnesota 7 |
TOP OF THE 8TH |
Wisconsin Rapids Rangers batting - Pitching for Minnesota Death Stars : RHP Jorge Madrigal
|
Batting: RHB Luis Garza
|
0-0: Foul Ball, location: 2F 0-1: Ball 1-1: Swinging Strike 1-2: Strikes out swinging
|
Batting: LHB Luis Rodríguez
|
0-0: Foul Ball, location: 2F 0-1: Ball 1-1: Ball 2-1: Called Strike 2-2: Ball 3-2: Ground out 5-3 (Groundball, 15S)
|
Batting: SHB Forest Cruz
|
0-0: Fly out, F7 (Flyball, 78XD)
|
Top of the 8th over - 0 run(s), 0 hit(s), 0 error(s), 0 left on base; Wisconsin Rapids 8 - Minnesota 7 |
BOTTOM OF THE 8TH |
Minnesota Death Stars batting - Pitching for Wisconsin Rapids Rangers : LHP Luis Cota
|
Batting: RHB Gabriel Ángel
|
0-0: Called Strike 0-1: Ball 1-1: Ball 2-1: Foul Ball, location: 2F 2-2: Ball 3-2: Base on Balls
|
Pinch Runner at 1st Kris Ballard:
|
|
Batting: LHB Zack Payton
|
0-0: Fly out, F9 (Flyball, 9LDF)
|
Batting: SHB Javier Jiménez
|
0-0: Fly out, F8 (Line Drive, 8LM)
|
Batting: RHB Mario Solís
|
0-0: Ball 1-0: Ball 2-0: Ball 3-0: Foul Ball, location: 2F 3-1: Called Strike 3-2: Strikes out swinging
|
Bottom of the 8th over - 0 run(s), 0 hit(s), 0 error(s), 1 left on base; Wisconsin Rapids 8 - Minnesota 7 |
TOP OF THE 9TH |
Wisconsin Rapids Rangers batting - Pitching for Minnesota Death Stars : RHP Jorge Madrigal
|
Pitching: RHP Esteban Muñóz
|
|
Now at 1B: Tony Estrada
|
|
Batting: RHB Jesús Silva
|
0-0: Ball 1-0: Called Strike 1-1: Foul Ball, location: 2F 1-2: Strikes out swinging
|
Batting: RHB Pedro Ramírez
|
0-0: Called Strike 0-1: Ball 1-1: Ball 2-1: Swinging Strike 2-2: Strikes out swinging
|
Batting: RHB Salvador Vázquez
|
0-0: Ball 1-0: Called Strike 1-1: Called Strike 1-2: Foul Ball, location: 2F 1-2: Ball 2-2: DOUBLE (Line Drive, 9LM)
|
Batting: LHB Ramón Córdova
|
0-0: Ball Passed Ball! Salvador Vázquez to third 1-0: Swinging Strike 1-1: Ball 2-1: Ball 3-1: Called Strike 3-2: Base on Balls
|
Pinch Hitting: LHB Ronald Gordon
|
0-0: Ball 1-0: Ball 2-0: Swinging Strike 2-1: Foul Ball, location: 2F 2-2: Strikes out swinging
|
Top of the 9th over - 0 run(s), 1 hit(s), 0 error(s), 2 left on base; Wisconsin Rapids 8 - Minnesota 7 |
BOTTOM OF THE 9TH |
Minnesota Death Stars batting - Pitching for Wisconsin Rapids Rangers : LHP Luis Cota
|
Now in RF: Luis López
|
|
Pinch Hitting: RHB Júlio López
|
0-0: Ball 1-0: Called Strike 1-1: Ball 2-1: Ball 3-1: Base on Balls
|
Batting: RHB Vaughan Tillman
|
0-0: Fly out, F8 (Popup, 4MD)
|
Batting: RHB Armando Gusmán
|
0-0: Ball 1-0: Called Strike 1-1: Ball 2-1: Foul Ball, location: 2F 2-2: Ball 3-2: SINGLE (Groundball, 4M) Júlio López to second
|
Pinch Hitting: RHB Ramão Almana
|
0-0: Called Strike 0-1: Swinging Strike 0-2: Foul Ball, location: 2F 0-2: Ball 1-2: Strikes out swinging
|
Batting: RHB Abraham Hardy
|
0-0: Fly out, F8 (Flyball, 89M)
|
Bottom of the 9th over - 0 run(s), 1 hit(s), 0 error(s), 2 left on base; Wisconsin Rapids 8 - Minnesota 7 |
|
Monday, December 5th, 2016 - OOTP Baseball 17.12 Build 75
|
|